 Dungeon Crawl Stone Soup version 0.31-a0-1-g4198be8af4 (webtiles) character file.

Game seed: 501585861434367520

170 daepa the Shield-Bearer (level 5, 0/42 HPs)
             Began as a Formicid Fighter on May 3, 2023.
             Was a Follower of Trog.
             Succumbed to a water moccasin's poison
             ... on level 9 of the Dungeon.
             The game lasted 00:12:37 (1476 turns).

daepa the Shield-Bearer (Formicid Fighter)          Turns: 1476, Time: 00:12:38

Health: 0/42       AC:  7    Str: 21    XL:     5   Next: 80%
Magic:  5/5        EV: 10    Int:  7    God:    Trog [*.....]
Gold:   80         SH: 10    Dex: 15    Spells: 4/4 levels left

rFire   . . .        k - +4 mace (venom)
rCold   . . .        c - +0 buckler
rNeg    . . .        b - +0 scale mail
rPois   .            (helmet unavailable)
rElec   .            (no cloak)
rCorr   .            (no gloves)
SInv    +            (no boots)
Will    .....        d - amulet of reflection Stlth
                     (no ring)
HPRegen 0.27/turn    (no ring)
MPRegen 0.09/turn

%: reflection
@: lethally poisoned (0 -> -1)
A: permanent stasis, dig shafts and tunnels, antennae 3, four strong arms
a: Dig, Shaft Self, Renounce Religion


You were on level 9 of the Dungeon.
You worshipped Trog.
Trog was aware of your devotion.
You visited 1 branch of the dungeon, and saw 5 of its levels.

You collected 80 gold pieces.

Inventory:

Hand Weapons
 a - a +0 rapier
 f - a +0 falchion
 h - a +0 dagger
 i - a +0 hand axe
 j - a +0 club
 k - a +4 mace of venom (weapon)
 l - a +0 club
 m - a +0 dagger
 o - a +0 short sword
 q - a +0 dagger
 r - a +0 short sword
 t - a +0 club
 u - a +0 whip
 v - a +0 dagger
 w - a +0 dagger
Missiles
 e - 25 stones
Armour
 b - a +0 scale mail (worn)
 c - a +0 buckler (worn)
 n - a +0 robe
 p - a +0 robe
Jewellery
 d - an amulet of reflection (around neck)
Scrolls
 g - a scroll of immolation
 s - a scroll of identify


   Skills:
 + Level 3.9 Fighting
 + Level 2.6 Short Blades
 + Level 1.3 Maces & Flails
 + Level 4.5 Armour
 + Level 1.1 Dodging
 + Level 5.1 Shields


You had 4 spell levels left.
You didn't know any spells.
Your spell library contained the following spells:

 Spells                   Type           Power      Damage    Failure   Level
 Necrotise                Necr           0%         1d4       83%         1
 Vampiric Draining        Necr           0%         2d6       99%         3
 Agony                    Necr           0%         N/A       100%        5


Dungeon Overview and Level Annotations

Branches:
Dungeon (6/15)
 Temple: D:4-7

Altars:
Qazlal
Trog

Annotations:
D:3 Robin


Innate Abilities, Weirdness & Mutations

You cannot be hasted, slowed, berserked, paralysed or teleported.
You can dig through walls and to a lower floor.
You have a pair of large antennae on your head. (SInv)
Your four strong arms can wield two-handed weapons with a shield.


Message History

You miss the water moccasin.
The water moccasin is moderately wounded.
* * * LOW HITPOINT WARNING * * *
You feel very sick. You block the adder's attack.
You block the water moccasin's attack. The adder closely misses you.
The water moccasin barely misses you.
You thump the water moccasin!
The water moccasin is poisoned.
The water moccasin is heavily wounded.
You feel sick. You block the water moccasin's attack. The adder bites you.
* * * LOW HITPOINT WARNING * * *
The water moccasin barely misses you. The adder closely misses you.
* * * LOW HITPOINT WARNING * * *
You feel sick.
The water moccasin attacks as you move away!
You block the water moccasin's attack.
* * * LOW HITPOINT WARNING * * *
You feel sick. The water moccasin closely misses you.
Press: ? - help, v - describe, . - travel The floor.
You extend your mandibles.
Are you sure you want to shaft yourself?
* * * LOW HITPOINT WARNING * * *
You feel sick. You block the water moccasin's attack.
You begin to dig a shaft.
You continue digging a shaft.
* * * LOW HITPOINT WARNING * * *
You feel sick. You block the water moccasin's attack.
A shaft appears beneath you!
You fall into a shaft and drop 3 floors!
The shaft crumbles and collapses.
* * * LOW HITPOINT WARNING * * *
You feel sick.
Found 5 stones.
There is a lethal amount of poison in your body!
There is a lethal amount of poison in your body!
There is a lethal amount of poison in your body!
There is a lethal amount of poison in your body!
There is a lethal amount of poison in your body!
There is a lethal amount of poison in your body!
You retract your mandibles.
You die...

... .. ..
#. #.
#.########
##.≈≈≈≈≈≈≈#
{
#...@....#
{
#.##.....#
{ # ##...##
#(## .# .#
. .


There were no monsters in sight!

Vanquished Creatures
  A sky beast (D:3)
  Jessica (D:2)
  An adder (D:2)
  A worm (D:2)
  A dart slug (D:1)
  A ball python (D:1)
  6 bats (D:1)
  4 endoplasms
  A giant cockroach (D:2)
  4 goblins
  5 hobgoblins
  6 jackals
  A quokka (D:1)
  4 frilled lizards
  6 kobolds
  3 rats
46 creatures vanquished.

Vanquished Creatures (others)
  4 fungi (D:1)
  4 plants
  2 withered plants (D:3)
10 creatures vanquished.

Grand Total: 56 creatures vanquished

Notes
Turn   | Place    | Note
-------+----------+-------------------------------------------
     0 | D:1      | daepa the Formicid Fighter began the quest for the Orb.
     0 | D:1      | Reached XP level 1. HP: 18/18 MP: 1/1
   206 | D:1      | Reached XP level 2. HP: 14/24 MP: 2/2
   519 | D:1      | Reached XP level 3. HP: 21/29 MP: 3/3
   698 | D:1      | Found a faded altar of an unknown god.
   771 | D:1      | Prayed at the altar of an unknown god.
   771 | D:1      | Became a worshipper of Trog the Wrathful
   771 | D:1      | Reached * piety under Trog
   921 | D:2      | Noticed Jessica
   928 | D:2      | Killed Jessica
   929 | D:2      | Reached XP level 4. HP: 31/37 MP: 4/4
   983 | D:2      | Reached skill level 1 in Dodging
  1182 | D:3      | Found a stormy altar of Qazlal.
  1182 | D:3      | Noticed a sky beast
  1197 | D:3      | Killed a sky beast
  1198 | D:3      | Reached skill level 1 in Maces & Flails
  1198 | D:3      | Reached skill level 5 in Shields
  1198 | D:3      | Reached XP level 5. HP: 30/42 MP: 5/5
  1242 | D:3      | Noticed Robin
  1258 | D:3      | You fall into a shaft and drop 3 floors!
  1464 | D:6      | Noticed a water moccasin
  1473 | D:6      | HP: 2/42 [poisoned by a water moccasin]
  1475 | D:6      | You fall into a shaft and drop 3 floors!
  1476 | D:9      | Succumbed to a water moccasin's poison

Illustrated notes

Levels and vault maps discovered:
D:1:      sevenhm_arrival_forest_fort_large_1, layout_rooms,
          shapermc_ecumenical_altar_ellora, grunt_decor_one_mirror
D:2:      layout_loops_ring, uniq_jessica
D:3:      layout_basic, grunt_temple_overflow_growth_and_decay,
          nicolae_qazlal_beasts_of_the_sky, general_overflow_altar,
          portal_sewer_entry_a, serial_glass, glass_columns_c, glass_columns_a,
          glass_columns_a, glass_columns_a, glass_columns_a, glass_columns_a,
          glass_columns_c, glass_columns_a, minmay_strange_pillars,
          item_on_display_a, feat_on_display, minmay_strange_pillars,
          uniq_robin, uniq_crazy_yiuf_cottage
D:6:      layout_basic, mainiacjoe_overflow_six_doors_small,
          nicolae_dithmenos_through_a_glass_darkly
D:9:      layout_basic, nemelex_xobeh_ov_fountains_minmay,
          chequers_temple_overflow_statue_of_worship, dpeg_lair_monsters,
          kennysheep_orc_monster_closet_entryway, chequers_big_river,
          chequers_serial_rivers_micro_e, minmay_st_funbox,
          kennysheep_minor_cross

Skill      XL: |  1  2  3  4 |
---------------+-------------+-----
Armour         | 4 |  4.5
Dodging        | 1 |  1.1
Maces & Flails | 1 |  1.3
Shields        | 5 |  5.1
Fighting       | |  3.9
Short Blades   | |  2.6

Action                     |  1- 3 |  4- 6 || total
---------------------------+-------+-------++-------
  Melee: Rapier            |   114 |       ||   114
         Mace              |    31 |    48 ||    79
Ability: Dig               |     2 |     1 ||     3
         Shaft Self        |       |     2 ||     2
    Use: Scroll            |     5 |       ||     5
         Potion            |     1 |     2 ||     3
 Armour: Scale mail        |   130 |    30 ||   160
  Dodge: Dodged            |   140 |    42 ||   182
  Block: Buckler           |    62 |    28 ||    90

Table legend: (Time is in decaauts)
 A = Elapsed time spent in this place.
 B = Non-inter-level travel time spent in this place.
 C = Inter-level travel time spent in this place.
 D = Time resting spent in this place.
 E = Time spent auto-exploring this place.
 F = Levels seen in this place.
 G = Mean time per level.
                   A        B        C        D        E       F      G
               +--------+--------+--------+--------+--------+-----+--------+
         Total |   1522 |   1522 |      0 |    203 |      0 |   5 |  304.4 |
       Dungeon |   1522 |   1522 |      0 |    203 |      0 |   5 |  304.4 |
               +--------+--------+--------+--------+--------+-----+--------+

Top non-repeatable levels by time:
     D:1: 853 daAuts
     D:2: 326 daAuts
     D:6: 218 daAuts
     D:3: 124 daAuts
     D:9: 0 daAuts
